 Dungeon Crawl Stone Soup version 0.20-a0-738-gb057e68 (webtiles) character file.

74 polly the Slasher (level 4, -2/33 HPs)
             Began as a Demonspawn Gladiator on Feb 24, 2017.
             Succumbed to rogsnak's ghost's poison
             ... on level 3 of the Dungeon.
             The game lasted 00:02:24 (1795 turns).

polly the Slasher (Demonspawn Gladiator)            Turns: 1795, Time: 00:02:25

Health: -2/33      AC:  6    Str: 15    XL:     4   Next: 10%
Magic:  4/4        EV: 14    Int:  9    God:
Gold:   93         SH:  0    Dex: 15    Spells: 3/3 levels left

rFire    . . .     SeeInvis .   a - +0 long sword
rCold    + . .     Gourm    .   b - +0 leather armour
rNeg     . . .     Faith    .   (no shield)
rPois    .         Spirit   .   c - +0 helmet
rElec    .         Reflect  .   (no cloak)
rCorr    .         Harm     .   (no gloves)
MR       .....                  (no boots)
Stlth    +.........             (no amulet)
Regen    0.2/turn               (no ring)
MPRegen  0.1/turn               k - +1 ring of evasion

@: lethally poisoned (-2 -> -44)
A: iridescent scales 1, cold resistance 1
a: no special abilities


You were on level 3 of the Dungeon.
You were hungry.

You visited 1 branch of the dungeon, and saw 3 of its levels.

You collected 93 gold pieces.

Inventory:

Hand Weapons
 a - a +0 long sword (weapon)
Missiles
 d - 3 throwing nets (quivered)
Armour
 b - a +0 leather armour (worn)
 c - a +0 helmet (worn)
Jewellery
 k - a +1 ring of evasion (left hand)
Scrolls
 g - a scroll of blinking {unknown}
 h - 2 scrolls of identify {unknown}
 n - a scroll of magic mapping {unknown}
 o - a scroll of enchant weapon {unknown}
 p - a scroll of recharging {unknown}
Potions
 e - a potion of curing {unknown}
 j - a potion of brilliance {unknown}
Books
 l - a book of Misfortune

   Spells                             Type                      Level
   a - Confusing Touch                Hexes                        1
   b - Confuse                        Hexes                        3
   c - Gell's Gravitas                Translocation                3
   d - Petrify                        Transmutation/Earth          4
   e - Metabolic Englaciation         Hexes/Ice                    5
   f - Yara's Violent Unravelling     Hexes/Transmutation          5
Comestibles
 f - a bread ration
 i - 5 fruits
 m - a meat ration


   Skills:
 + Level 2.2 Fighting
 + Level 3.8 Long Blades
 + Level 1.8 Throwing
 + Level 1.0 Armour
 + Level 3.1 Dodging


You had 3 spell levels left.
You didn't know any spells.

Dungeon Overview and Level Annotations

Branches:
Dungeon (3/15)

Altars:

Annotations:
D:3 rogsnak's ghost, amateur DrTm


Innate Abilities, Weirdness & Mutations

You are partially covered in iridescent scales. (AC +2)
Your flesh is cold resistant. (rC+)


Message History

You are more poisoned.
You hit rogsnak's ghost but do no damage.
Rogsnak's ghost is lightly damaged.
You feel sick. Rogsnak's ghost hits you.
Rogsnak's ghost hits you but does no damage.
You are more poisoned.
You closely miss rogsnak's ghost.
Rogsnak's ghost is lightly damaged.
* * * LOW HITPOINT WARNING * * *
You feel very sick.
Rogsnak's ghost hits you but does no damage.
You are more poisoned.
You closely miss rogsnak's ghost.
Rogsnak's ghost is lightly damaged.
* * * LOW HITPOINT WARNING * * *
You feel very sick. Rogsnak's ghost barely misses you.
You hit rogsnak's ghost.
Rogsnak's ghost is moderately damaged.
You die...

......# #........#+###
......# ###'####.....#
......#### #.# #.....#
###......# #.# #.[...# #
#......# #.# #.....#
###......####.######'###
..'.....)'....##.....#
###....)†#######.##########
#......# #@##.......#
#.###### #W##.......# #.#
#gg'.......# #.#
####g......# #.# ........+
#.# #........# #+#
#..g=...## #.......#
#.......#


You could see rogsnak's ghost and 2 goblins.

Vanquished Creatures
  3 adders (D:2)
  A worm (D:2)
  4 leopard geckos
  An orc (D:3)
  3 bats
  2 giant cockroaches
  3 goblins (D:2)
  5 hobgoblins (D:1)
  7 kobolds
  A quokka (D:2)
  A ball python (D:3)
  A frilled lizard (D:1)
  9 rats
41 creatures vanquished.

Notes
Turn   | Place    | Note
-------+----------+-------------------------------------------
     0 | D:1      | polly the Demonspawn Gladiator began the quest for the Orb.
     0 | D:1      | Reached XP level 1. HP: 16/16 MP: 1/1
     2 | D:1      | Noticed an octopode
     4 | D:1      | Noticed an ogre
     6 | D:1      | Noticed a draconian
     8 | D:1      | Noticed a minotaur
     8 | D:1      | Noticed a gargoyle
    10 | D:1      | Noticed a halfling
    10 | D:1      | Noticed a vampire
    12 | D:1      | Noticed an elf
    12 | D:1      | Noticed a formicid
    14 | D:1      | Noticed a demonspawn
    16 | D:1      | Noticed a felid
    16 | D:1      | Noticed a centaur
    18 | D:1      | Noticed a naga
    18 | D:1      | Noticed a spriggan
    20 | D:1      | Noticed a dwarf
    20 | D:1      | Noticed a tengu
    22 | D:1      | Noticed a demigod
    22 | D:1      | Noticed a troll
    24 | D:1      | Noticed a ghoul
    24 | D:1      | Noticed a human
    26 | D:1      | Noticed a merfolk
    26 | D:1      | Noticed a vine stalker
   333 | D:1      | Gained mutation: Your flesh is cold resistant. (rC+) [demonic ancestry]
   333 | D:1      | Reached XP level 2. HP: 21/22 MP: 2/2
   714 | D:2      | Reached XP level 3. HP: 14/27 MP: 3/3
  1358 | D:2      | Gained mutation: You are partially covered in iridescent scales. (AC +2) [demonic ancestry]
  1358 | D:2      | Reached XP level 4. HP: 26/33 MP: 4/4
  1723 | D:3      | Reached skill level 1 in Armour
  1778 | D:3      | Noticed rogsnak's ghost (amateur DrTm)
  1795 | D:3      | Succumbed to rogsnak's ghost's poison

Vault maps used:
D:1:      kb_arrival_jail, minmay_misc_feat_room
D:3:      first_bread

Skill      XL: |  1  2  3  4 |
---------------+-------------+-----
Long Blades    | 3 |  3.8
Dodging        | 3 |  3.1
Armour         | 1 |  1.0
Fighting       | |  2.2
Throwing       | |  1.8

Action                   |  1- 3 |  4- 6 || total
-------------------------+-------+-------++-------
Melee: Long sword        |    87 |    19 ||   106
 Stab: Sleeping          |     3 |       ||     3
  Eat: Chunk             |     1 |     1 ||     2
Armor: Leather armour    |    23 |     8 ||    31
Dodge: Dodged            |    67 |    13 ||    80
       Rpst.: Long sword |    23 |     6 ||    29
